 Dungeon Crawl Stone Soup version 0.27.1 (webtiles) character file.

Game seed: 18229957266577003105

1796 BOMJPIETVODKU the Magician (level 9, 0/65 HPs)
             Began as a Gnoll Earth Elementalist on Aug 29, 2021.
             Slain by an orc warrior (9 damage)
             ... on level 6 of the Dungeon.
             The game lasted 00:14:22 (6365 turns).

BOMJPIETVODKU the Magician (GnEE)                   Turns: 6365, Time: 00:14:22

Health: 0/65       AC:  4    Str:  9    XL:     9   Next: 9%
Magic:  12/18      EV: 14    Int: 17    God:
Gold:   179        SH:  0    Dex: 12    Spells: 16/20 levels left

rFire    + . .     SeeInvis .   t - +1 dagger (venom)
rCold    . . .     Faith    .   (no shield)
rNeg     . . .     Spirit   .   b - +0 robe
rPois    .         Reflect  .   o - +0 helmet
rElec    .         Harm     .   (no cloak)
rCorr    .         Rampage  .   k - +0 pair of gloves
Will     .....                  (no boots)
Stlth    +++.......             (no amulet)
HPRegen  0.20/turn              a - ring of protection from fire
MPRegen  0.16/turn              (no ring)

@: no status effects
A: fangs 1, strong nose, distributed training
a: no special abilities


You were on level 6 of the Dungeon.
You visited 1 branch of the dungeon, and saw 6 of its levels.

You collected 219 gold pieces.
You spent 40 gold pieces at shops.

Inventory:

Hand Weapons
 d - a +0 short sword
 p - a +1 short sword of holy wrath
 t - a +1 dagger of venom (weapon)
 B - a +2 spear of venom
Missiles
 c - 24 stones
 e - 70 poisoned darts
 s - 6 javelins
Armour
 b - a +0 robe (worn)
 k - a +0 pair of gloves (worn)
 o - a +0 helmet (worn)
Jewellery
 a - a ring of protection from fire (left hand)
Scrolls
 f - 5 scrolls of identify {unknown}
 h - a scroll of fog {unknown}
 i - 2 scrolls of teleportation {unknown}
 j - 2 scrolls of enchant weapon {unknown}
 r - a scroll of amnesia {unknown}
 u - a scroll of fear {unknown}
 x - 2 scrolls of enchant armour {unknown}
 y - a scroll of magic mapping {unknown}
 D - a scroll of immolation {unknown}
Potions
 g - 2 potions of brilliance {unknown}
 l - a potion of lignification {unknown}
 m - 2 potions of mutation {unknown}
 n - 2 potions of curing {unknown}
 q - a potion of haste {unknown}
 v - a potion of might
 w - a potion of invisibility {unknown}
 z - a potion of flight {unknown}
 A - a potion of berserk rage {unknown}
 C - 2 potions of ambrosia {unknown}


   Skills:
 + Level 3.9 Fighting
 + Level 3.9 Short Blades
 + Level 3.9 Long Blades
 + Level 3.9 Axes
 + Level 3.9 Maces & Flails
 + Level 3.9 Polearms
 + Level 3.9 Staves
 + Level 3.9 Slings
 + Level 3.9 Bows
 + Level 3.9 Crossbows
 + Level 3.9 Throwing
 + Level 3.9 Armour
 + Level 6.1 Dodging
 + Level 5.8 Stealth
 + Level 3.9 Shields
 + Level 3.9 Unarmed Combat
 + Level 6.4 Spellcasting
 + Level 3.2 Conjurations
 + Level 3.2 Hexes
 + Level 3.2 Summonings
 + Level 3.2 Necromancy
 + Level 3.2 Translocations
 + Level 3.9 Transmutations
 + Level 3.2 Fire Magic
 + Level 3.2 Ice Magic
 + Level 3.2 Air Magic
 + Level 6.4 Earth Magic
 + Level 3.2 Poison Magic
 + Level 4.3 Invocations
 + Level 3.9 Evocations


You had 16 spell levels left.
You knew the following spells:

 Your Spells              Type           Power      Damage    Failure   Level
a - Sandblast             Erth           54%        2d13      1%          1
b - Stone Arrow           Conj/Erth      42%        3d9       5%          3

Your spell library contained the following spells:

 Spells                   Type           Power      Damage    Failure   Level
 Sting                    Tmut/Pois      68%        1d6       2%          1
 Passwall                 Tmut/Erth      19%        N/A       2%          2
 Poisonous Vapours        Pois/Air       32%        N/A       4%          2
 Slow                     Hex            16%        N/A       4%          2
 Confusing Touch          Hex            16%        N/A       10%         3
 Gell's Gravitas          Tloc           8%         N/A       10%         3
 Lesser Beckoning         Tloc           8%         N/A       10%         3
 Teleport Other           Tloc           16%        N/A       10%         3
 Petrify                  Tmut/Erth      23%        N/A       14%         4
 Olgreb's Toxic Radiance  Pois           16%        N/A       32%         4
 Yara's Violent Unravell  Hex/Tmut       8%         3d5       61%         5


Dungeon Overview and Level Annotations

Branches:
Dungeon (6/15)
 Temple: D:4-7

Altars:
Elyvilon
Fedhas
Kikubaaqudgha
Xom

Shops:
D:2 !


Innate Abilities, Weirdness & Mutations

You have very sharp teeth.
Your uncanny sense of smell can sniff out nearby items.
Your experience applies equally to all skills.


Message History

The blast of sand hits the orc warrior but does no damage.
You hit the orc warrior but do no damage.
The orc warrior is poisoned.
Your bite misses the orc warrior. The orc warrior barely misses you.
The blast of sand hits the orc warrior!
The orc warrior is moderately wounded.
The orc warrior hits you with a +0 long sword!
The blast of sand hits the orc warrior but does no damage.
The orc warrior is moderately wounded.
The orc warrior completely misses you.
You hit the orc warrior. Your punch misses the orc warrior.
The orc warrior is heavily wounded.
The orc warrior closely misses you.
The blast of sand hits the orc warrior.
The orc warrior is heavily wounded.
The orc warrior barely misses you.
The blast of sand hits the orc warrior but does no damage.
The orc warrior is heavily wounded.
The orc warrior hits you with a +0 long sword.
The blast of sand misses the orc warrior.
The orc warrior hits you with a +0 long sword!
The blast of sand hits the orc warrior.
The orc warrior is severely wounded.
The orc warrior hits you with a +0 long sword!
You barely miss the orc warrior.
The orc warrior is severely wounded.
The orc warrior hits you with a +0 long sword.
* * * LOW HITPOINT WARNING * * *
Things that are here:
a +0 short sword; an orc corpse The orc warrior looks more healthy.
The orc warrior hits you with a +0 long sword!
* * * LOW HITPOINT WARNING * * *
Aiming: Sandblast (safe; 1% risk of failure)
Press: ? - help, Q - select action, (/) - cycle Shift-Dir - straight line, f/p - orc warrior
Aim: an orc warrior, wielding a +0 long sword and wearing a +0 plate armour (almost dead, 81% to hit)
The blast of sand hits the orc warrior.
The orc warrior is almost dead.
The orc warrior hits you with a +0 long sword!
You die...

#.# #.# ####### #######.#
#.# ........########.#
##########
...............#.#
#..<......
.###.##.#.####.#.#
#.######## #.##.#.####.#.#
#.# #.........#.#.## #.# #
#.##.#.##o#....###.#######.
#.#....@................ ∆
#.####.#....#..>.####.#. #.
#.#.#.###...###.## ∆
#.#.#.# ######.## # #.#.#.#
##.### #.#.#.# ##.#. ∆
####### ##.. #.. #.#


You could see an orc warrior.

Vanquished Creatures
  Sigmund (D:5)
  Duvessa (D:4)
  An orc warrior (D:4)
  An ice beast (D:5)
  A sky beast (D:2)
  2 ogres (D:5)
  A phantom (D:5)
  A bullfrog (D:3)
  3 scorpions
  Dowan (D:4)
  A wyvern skeleton (D:6)
  2 jellies (D:4)
  A centaur zombie (D:6)
  An orc priest (D:4)
  4 hounds
  Natasha (thrice) (D:2)
  3 orc wizards (D:4)
  A hound zombie (D:5)
  Robin (D:2)
  7 gnolls
  5 adders
  A shadow imp (D:5)
  An ufetubus (D:4)
  2 worms
  2 dart slugs
  13 orcs
  13 endoplasms
  4 giant cockroaches
  20 goblins
  7 hobgoblins
  3 jackals (D:2)
  7 kobolds
  5 quokkas
  5 ball pythons
  4 bats (D:2)
  5 frilled lizards
  5 rats
139 creatures vanquished.

Notes
Turn   | Place    | Note
-------+----------+-------------------------------------------
     0 | D:1      | BOMJPIETVODKU the Gnoll Earth Elementalist began the quest
                  | for the Orb.
     0 | D:1      | Reached XP level 1. HP: 13/13 MP: 6/6
   242 | D:1      | Reached XP level 2. HP: 8/19 MP: 7/7
   822 | D:1      | Reached XP level 3. HP: 25/25 MP: 9/9
   843 | D:1      | Reached skill level 5 in Spellcasting
  1225 | D:2      | Noticed Natasha
  1232 | D:2      | Killed Natasha
  1233 | D:2      | Reached skill level 1 in Fighting
  1233 | D:2      | Reached skill level 1 in Short Blades
  1233 | D:2      | Reached skill level 1 in Long Blades
  1233 | D:2      | Reached skill level 1 in Axes
  1233 | D:2      | Reached skill level 1 in Maces & Flails
  1233 | D:2      | Reached skill level 1 in Polearms
  1233 | D:2      | Reached skill level 1 in Staves
  1233 | D:2      | Reached skill level 1 in Slings
  1233 | D:2      | Reached skill level 1 in Bows
  1233 | D:2      | Reached skill level 1 in Crossbows
  1233 | D:2      | Reached skill level 1 in Throwing
  1233 | D:2      | Reached skill level 1 in Armour
  1233 | D:2      | Reached skill level 1 in Shields
  1233 | D:2      | Reached skill level 1 in Unarmed Combat
  1233 | D:2      | Reached skill level 1 in Invocations
  1233 | D:2      | Reached skill level 1 in Evocations
  1234 | D:2      | Reached XP level 4. HP: 14/32 MP: 6/11
  1454 | D:2      | Noticed Natasha
  1459 | D:2      | Killed Natasha
  1460 | D:2      | Reached skill level 1 in Conjurations
  1460 | D:2      | Reached skill level 1 in Hexes
  1460 | D:2      | Reached skill level 1 in Summonings
  1460 | D:2      | Reached skill level 1 in Necromancy
  1460 | D:2      | Reached skill level 1 in Translocations
  1460 | D:2      | Reached skill level 1 in Fire Magic
  1460 | D:2      | Reached skill level 1 in Ice Magic
  1460 | D:2      | Reached skill level 1 in Air Magic
  1460 | D:2      | Reached skill level 1 in Poison Magic
  1462 | D:2      | Noticed Natasha
  1472 | D:2      | Killed Natasha
  1473 | D:2      | Reached XP level 5. HP: 29/37 MP: 1/12
  1475 | D:2      | Found a faded altar of an unknown god.
  2325 | D:2      | Noticed Robin
  2331 | D:2      | Killed Robin
  2574 | D:2      | Found Idghecw's Distillery.
  2582 | D:2      | Bought a potion of might for 40 gold pieces
  2624 | D:3      | Noticed a sky beast
  2646 | D:2      | Killed a sky beast
  2647 | D:2      | Reached XP level 6. HP: 30/44 MP: 3/14
  2801 | D:3      | Reached skill level 5 in Dodging
  2836 | D:3      | Learned a level 3 spell: Stone Arrow
  3209 | D:3      | Found a blossoming altar of Fedhas.
  3359 | D:4      | Reached XP level 7. HP: 50/50 MP: 13/15
  3969 | D:4      | Reached skill level 5 in Stealth
  4125 | D:4      | Found a white marble altar of Elyvilon.
  4405 | D:4      | Noticed Dowan
  4406 | D:4      | Noticed Duvessa
  4413 | D:4      | Killed Duvessa
  4423 | D:4      | Killed Dowan
  4424 | D:4      | Reached XP level 8. HP: 39/57 MP: 1/16
  5250 | D:5      | Entered Level 5 of the Dungeon
  5250 | D:5      | Noticed Sigmund
  5254 | D:5      | Killed Sigmund
  5628 | D:5      | Found a shimmering altar of Xom.
  5829 | D:5      | Reached XP level 9. HP: 65/65 MP: 4/18
  5830 | D:5      | Found an ancient bone altar of Kikubaaqudgha.
  6365 | D:6      | Slain by an orc warrior

Illustrated notes

Levels and vault maps discovered:
D:1:      dpeg_arrival_chambers_temple_mockup, layout_rooms
D:2:      minmay_alternating_diamond, layout_basic, serial_shops, shop,
          dreamdust_ecumenical_altar_statues, uniq_robin, uniq_natasha
D:3:      layout_basic, fedhas_altar_4
D:4:      layout_gridville, elyvilon_altar_5, uniq_duvessa
D:5:      layout_rooms, marbit_many_paths, mainiacjoe_overflow_tiny_flanked,
          kennysheep_nondescript, uniq_sigmund
D:6:      layout_loops_ring, minmay_temple_entry_large_hall,
          kennysheep_generic_room_9

Skill      XL: |  1  2  3  4  5  6  7  8 |
---------------+-------------------------+-----
Transmutations | 2 3 |  3.9
Spellcasting   | 5 6 |  6.4
Fighting       | 1 2 3 |  3.9
Short Blades   | 1 2 3 |  3.9
Long Blades    | 1 2 3 |  3.9
Axes           | 1 2 3 |  3.9
Maces & Flails | 1 2 3 |  3.9
Polearms       | 1 2 3 |  3.9
Staves         | 1 2 3 |  3.9
Slings         | 1 2 3 |  3.9
Bows           | 1 2 3 |  3.9
Crossbows      | 1 2 3 |  3.9
Throwing       | 1 2 3 |  3.9
Armour         | 1 2 3 |  3.9
Shields        | 1 2 3 |  3.9
Unarmed Combat | 1 2 3 |  3.9
Invocations    | 1 2 3 4 |  4.3
Evocations     | 1 2 3 |  3.9
Conjurations   | 1 2 3 |  3.2
Hexes          | 1 2 3 |  3.2
Summonings     | 1 2 3 |  3.2
Necromancy     | 1 2 3 |  3.2
Translocations | 1 2 3 |  3.2
Fire Magic     | 1 2 3 |  3.2
Ice Magic      | 1 2 3 |  3.2
Air Magic      | 1 2 3 |  3.2
Poison Magic   | 1 2 3 |  3.2
Dodging        | 5 6 |  6.1
Stealth        | 5 |  5.8
Earth Magic    | 6 |  6.4

Action                   |  1- 3 |  4- 6 |  7- 9 || total
-------------------------+-------+-------+-------++-------
Melee: Dagger            |    12 |       |    40 ||    52
       Short sword       |    57 |    90 |    25 ||   172
       Bite              |     2 |     4 |     3 ||     9
       Punch             |       |     1 |       ||     1
 Cast: Sandblast         |    17 |    57 |   112 ||   186
       Stone Arrow       |       |       |    10 ||    10
  Use: Potion            |       |       |     1 ||     1
 Stab: Sleeping          |     2 |     6 |     2 ||    10
Armor: Robe              |    12 |    21 |    25 ||    58
Dodge: Dodged            |    54 |    72 |    79 ||   205
